 Dungeon Crawl Stone Soup version 0.24-a0-194-g9bee6eb (webtiles) character file.

Game seed: 739035473724312434

93 Gunnerkreig the Magician (level 4, -2/33 HPs)
             Began as a Draconian Wizard on Mar 18, 2019.
             Slain by a hippogriff (3 damage)
             ... on level 3 of the Dungeon.
             The game lasted 00:05:19 (2281 turns).

Gunnerkreig the Magician (Draconian Wizard)         Turns: 2281, Time: 00:05:22

Health: -2/33      AC:  5    Str:  9    XL:     4   Next: 37%
Magic:  1/10       EV: 12    Int: 24    God:
Gold:   93         SH:  0    Dex: 10    Spells: 10/11 levels left

rFire    . . .     SeeInvis .   m - +1 spear
rCold    . . .     Gourm    .   (no shield)
rNeg     . . .     Faith    .   (armour unavailable)
rPois    .         Spirit   .   a - +0 hat
rElec    .         Reflect  .   (no cloak)
rCorr    .         Harm     .   (no gloves)
MR       .....                  (no boots)
Stlth    ++........             (no amulet)
HPRegen  0.11/turn              (no ring)
MPRegen  0.12/turn              (no ring)

@: brilliant
A: unfitting armour, cold-blooded, AC +5
a: no special abilities


You were on level 3 of the Dungeon.
You were not hungry.

You visited 1 branch of the dungeon, and saw 3 of its levels.

You collected 93 gold pieces.

Inventory:

Hand Weapons
 m - a +1 spear (weapon)
Missiles
 g - 7 poisoned javelins (quivered)
Armour
 a - a +0 hat (worn)
Jewellery
 p - an uncursed ring of ice
Scrolls
 d - a scroll of random uselessness {unknown}
 e - a scroll of identify {unknown}
 h - a scroll of remove curse {unknown}
 i - a scroll of fog
 k - 2 scrolls of enchant weapon
Potions
 b - a potion of curing {unknown}
 l - a potion of flight {unknown}
 n - a potion of heal wounds {unknown}
 o - a potion of brilliance
 q - a potion of mutation {unknown}
 s - a potion of resistance {unknown}
Comestibles
 c - 7 rations
 f - 4 chunks of flesh


   Skills:
 - Level 2.0 Dodging
 - Level 2.0 Stealth
 + Level 4.0 Spellcasting
 * Level 2.7 Conjurations
   Level 1.0 Summonings
   Level 1.0 Translocations


You had 10 spell levels left.
You knew the following spells:

 Your Spells              Type           Power        Failure   Level  Hunger
a - Magic Dart            Conj           ####         1%          1    None

Your spell library contained the following spells:

 Spells                   Type           Power        Failure   Level  Hunger
 Blink                    Tloc           N/A          1%          2    #......
 Call Imp                 Summ           ###.....     1%          2    #......
 Slow                     Hex            ###.....     1%          2    #......
 Conjure Flame            Conj/Fire      ####....     2%          3    ##.....
 Mephitic Cloud           Conj/Pois/Air  ###.....     2%          3    ##.....


Dungeon Overview and Level Annotations

Branches:
Dungeon (3/15)

Altars:
Ashenzari
Yredelemnul


Innate Abilities, Weirdness & Mutations

Your plain brown scales are hard. (AC +5)
You cannot fit into any form of body armour.
You are cold-blooded and may be slowed by cold attacks.


Message History

The magic dart hits the hippogriff.
The hippogriff is almost dead.
The hippogriff bites you but does no damage.
The hippogriff pecks you.
* * * LOW HITPOINT WARNING * * *
The hippogriff claws you.
* * * LOW HITPOINT WARNING * * *
Unknown command.
Casting: Magic Dart (safe; 1% risk of failure)
Confirm with . or Enter, or press ? or * to list all spells.
Aiming: Magic Dart (safe; 1% risk of failure)
Press: ? - help, Shift-Dir - straight line, f/p - hippogriff
Aim: a hippogriff (almost dead)
The magic dart hits the hippogriff.
The hippogriff is almost dead.
The hippogriff bites you.
* * * LOW HITPOINT WARNING * * *
The hippogriff pecks you but does no damage.
The hippogriff claws you.
You die...

.. .. .#+#.
#.#
..........
..# .#
........# #.#
.# ........#
#.##.## #
#####.#.....#
##.....#.#
...##.#.....#
.........
##.##.#.....#
#.....#
#....#.....##
#@H#
####........#
##.#
#####....#
#.# #.#..#
#.#
##....####.#
#..........#
############


You could see a hippogriff.

Vanquished Creatures
  A gnoll (D:1)
  4 adders (D:2)
  A dart slug (D:1)
  A leopard gecko (D:2)
  2 orcs (D:3)
  2 giant cockroaches (D:1)
  5 goblins
  5 hobgoblins
  8 jackals
  4 bats
  A frilled lizard (D:2)
  2 kobolds
  6 rats
42 creatures vanquished.

Notes
Turn   | Place    | Note
-------+----------+-------------------------------------------
     0 | D:1      | Gunnerkreig the Draconian Wizard began the quest for the
                  | Orb.
     0 | D:1      | Reached XP level 1. HP: 14/14 MP: 4/4
   208 | D:1      | Reached XP level 2. HP: 20/20 MP: 0/6
   921 | D:1      | Reached XP level 3. HP: 12/26 MP: 6/8
  1523 | D:2      | Found a shattered altar of Ashenzari.
  1674 | D:2      | Reached XP level 4. HP: 23/33 MP: 4/9
  1917 | D:2      | Found a basalt altar of Yredelemnul.
  1944 | D:2      | Reached skill level 4 in Spellcasting
  2271 | D:3      | Noticed a hippogriff
  2281 | D:3      | HP: 1/33 [hippogriff (4)]
  2281 | D:3      | Slain by a hippogriff

Levels and vault maps discovered:
D:1:      lightli_molten_gateway, layout_basic, minmay_misc_feat_alley
D:2:      layout_rooms, lemuel_coloured_pillars_altar, lemuel_round_altar
D:3:      layout_basic, kiku_gazebo_pond_becter, gammafunk_ghost_cemetery,
          kennysheep_potato

Skill      XL: |  1  2  3  4 |
---------------+-------------+-----
Dodging        | 2 |  2.0
Stealth        | 2 |  2.0
Conjurations   | 2 |  2.7
Spellcasting   | 4 |  4.0
Summonings     | |  1.0
Translocations | |  1.0

Action                   |  1- 3 |  4- 6 || total
-------------------------+-------+-------++-------
Melee: Unarmed           |    42 |       ||    42
       Tailslap          |     5 |     3 ||     8
       Whip              |    38 |     8 ||    46
       Spear             |       |    14 ||    14
 Cast: Magic Dart        |    63 |    29 ||    92
  Use: Scroll            |       |     4 ||     4
       Potion            |       |     1 ||     1
  Eat: Chunk             |     2 |     2 ||     4
Armor: Skin              |    26 |    15 ||    41
Dodge: Dodged            |    57 |    13 ||    70

Table legend:
 A = Non-vault XP
 B = Vault XP
 C = Vault XP percentage of total XP
 D = Non-vault monster count
 E = Vault monster count
 F = Vault count percentage of total count
                 A         B        C        D         E       F
            +---------+---------+-------+---------+---------+-------
      Total |     134 |       0 |   0.0 |      42 |       0 |   0.0
            +---------+---------+-------+---------+---------+-------
        D:1 |      49 |       0 |   0.0 |      22 |       0 |   0.0
        D:2 |      68 |       0 |   0.0 |      12 |       0 |   0.0
        D:3 |      17 |       0 |   0.0 |       8 |       0 |   0.0
            +---------+---------+-------+---------+---------+-------
